Map: Prion Terraces

Players

Miltreta - Winner!

  • Race: Terran Terran

A.I. 1 (Easy)

  • Race: Terran Terran

VOD

Have the link to the VOD?

Description

Time

  • Played on: March 5, 2016, 8:12 p.m.
  • Length: 22:18
Show
View Real Time Build Order
Export as new Build Order

Miltreta Terran - Winner!

Build Orders:  

Get SALT Encoding   

  12  0:02  SCV  
  13  0:19  SCV  
  14  0:31  SCV  
  15  0:35  Supply Depot  
  15  0:48  Supply Depot  
  15  0:51  Refinery  
  15  0:57  SCV  
  16  1:09  Refinery, SCV  
  17  1:14  Barracks  
  17  1:20  Barracks  
  17  1:24  SCV  
  18  1:38  SCV  
  19  1:50  SCV  
  20  2:02  SCV  
  21  2:16  SCV  
  21  2:21  Barracks Tech Lab  
  22  2:28  SCV  
  23  2:38  Command Center  
  23  2:43  Supply Depot  
  23  2:48  Stimpack  
  23  2:54  Orbital Command  
  23  2:59  Marine  
  24  3:08  Marine  
  25  3:17  Marine  
  26  3:24  Supply Depot  
  26  3:26  Marine  
  27  3:27  Supply Depot  
  27  3:35  Marine  
  28  3:43  Marine  
  29  3:52  Marine  
  30  4:01  Marine  
  31  4:10  Marine  
  32  4:19  Marine  
  32  4:21  Refinery x2, SCV  
  34  4:34  SCV  
  35  4:41  Barracks Tech Lab  
  35  4:43  Marauder  
  37  4:46  SCV  
  38  4:58  SCV  
  39  5:04  Marauder  
  41  5:10  SCV  
  42  5:25  Marauder  
  40  5:47  Marauder  
  38  6:08  Marauder  
  40  6:25  Factory  
  35  7:54  Marauder  
  35  7:55  Marauder  
  35  8:15  Marauder  
  35  8:16  Marauder  
  35  8:18  Supply Depot  
  39  8:21  Bunker  
  39  8:37  Marauder  
  39  8:38  Marauder  
  43  8:58  Marauder  
  43  8:59  Marauder  
  47  9:15  Starport  
  47  9:19  Marauder  
  47  9:20  Marauder  
  51  9:31  Engineering Bay  
  51  9:41  Marauder  
  51  9:42  Marauder  
  55  10:02  Marauder  
  55  10:03  Marauder  
  59  10:09  Armory  
  59  10:22  Medivac  
  59  10:23  Marauder  
  59  10:24  Marauder  
  65  10:45  Marauder  
  65  10:46  Marauder  
  69  10:52  Medivac  
  71  11:22  Medivac  
  73  11:41  Concussive Shells, Combat Shields  
  73  11:52  Medivac  
  73  12:22  Medivac  
  69  13:55  Liberator  
  69  14:08  Factory Tech Lab  
  69  14:16  Marauder  
  74  14:17  Marauder  
  76  14:37  Marauder  
  78  14:48  Command Center  
  78  14:52  Marauder  
  78  15:01  Marauder  
  78  15:43  Liberator  
  78  15:46  Supply Depot  
  78  15:47  Supply Depot x2  
  78  15:49  Supply Depot  
  78  15:50  Supply Depot x2  
  78  16:00  Marauder x2  
  85  16:22  Marauder x2  
  89  16:25  Liberator  
  89  16:43  Marauder  
  94  17:08  Liberator  
  97  18:08  Viking  
  99  18:38  Viking  
Show
View Real Time Build Order
Export as new Build Order

A.I. 1 (Easy) Terran 

Build Orders:  

Get SALT Encoding   

  12  0:00  SCV  
  13  0:13  SCV  
  14  0:19  Supply Depot  
  14  0:25  SCV  
  15  0:41  SCV  
  16  0:43  Barracks  
  16  0:45  Refinery  
  16  1:09  Supply Depot  
  16  1:19  Refinery  
  16  1:30  Marine  
  16  1:31  Orbital Command  
  17  1:49  Barracks Tech Lab  
  17  1:56  SCV  
  18  2:07  Marine  
  18  2:08  SCV  
  20  2:09  Supply Depot  
  20  2:20  SCV  
  21  2:25  Marine  
  22  2:32  SCV  
  23  2:44  Marauder, SCV  
  26  2:56  SCV  
  27  3:05  Marauder  
  29  5:20  SCV, Reaper  
  31  5:22  Supply Depot  
  31  5:25  Factory  
  31  5:33  SCV  
  31  5:35  Command Center  
  29  5:45  SCV  
  29  5:46  Supply Depot  
  30  5:52  Marine  
  31  6:10  Marauder, Starport  
  29  6:32  Marauder  
  31  6:47  Starport Tech Lab  
  31  6:48  SCV  
  31  6:52  SCV  
  31  6:53  Marine  
  33  7:00  SCV  
  30  7:02  Hellion  
  30  7:04  SCV  
  30  7:07  Raven  
  33  7:12  SCV  
  33  7:15  Refinery  
  34  7:16  SCV  
  34  7:17  Marauder  
  36  7:24  SCV  
  36  7:27  Refinery  
  36  7:28  SCV  
  35  7:31  Hellion  
  35  7:36  SCV  
  37  7:40  SCV  
  36  7:46  Reaper  
  36  7:48  SCV  
  36  7:50  Raven  
  39  7:53  SCV  
  40  8:00  SCV  
  40  8:05  SCV  
  42  8:12  SCV  
  42  8:17  SCV, Marine  
  45  8:25  SCV  
  46  8:29  SCV  
  47  8:36  Marauder  
  47  8:37  SCV  
  51  8:41  SCV  
  51  8:49  SCV  
  51  8:53  SCV  
  53  8:57  Reaper  
  53  9:01  SCV  
  55  9:05  SCV  
  56  9:13  SCV  
  57  9:17  SCV  
  57  9:22  Supply Depot  
  58  9:25  SCV  
  58  9:29  SCV, Marine  
  61  9:37  SCV  
  62  9:41  SCV  
  63  9:47  Marine  
  64  10:04  Marine  
  65  10:15  Medivac  
  65  10:17  Supply Depot  
  65  10:18  Engineering Bay  
  67  10:23  Marauder  
  67  10:44  Marauder  
  67  10:45  Terran Infantry Weapons Level 1, Medivac  
  63  11:02  Command Center  
  63  11:05  Marine  
  64  11:15  Raven  
  66  11:23  Marine  
  66  11:32  Hellion  
  67  11:42  Marine  
  62  11:56  Supply Depot  
  62  11:59  Marine  
  62  12:09  Hellion  
  62  12:15  SCV  
  62  12:17  Refinery  
  62  12:19  Marauder  
  62  12:20  SCV  
  62  12:24  SCV  
  62  12:25  Refinery  
  62  12:28  SCV  
  61  12:33  SCV, Hellion  
  61  12:37  SCV  
  61  12:39  Terran Infantry Armor Level 1  
  61  12:41  SCV  
  61  12:43  Marauder  
  60  12:50  SCV  
  60  12:54  SCV  
  60  12:57  Hellion  
  55  13:02  SCV  
  54  13:07  SCV, Marine  
  56  13:14  SCV  
  56  13:19  SCV  
  56  13:26  SCV  
  56  13:31  SCV  
  46  13:35  Viking  
  46  13:38  SCV  
  38  13:43  SCV  
  36  13:51  SCV, Command Center  
  36  13:55  SCV  
  34  13:59  Refinery  
  32  14:03  SCV  
  32  14:07  SCV  
  33  14:13  Viking  
  33  14:15  SCV  
  31  14:27  SCV  
  27  14:38  Barracks  
  26  14:51  Supply Depot  
  26  14:52  Supply Depot  
  25  15:12  SCV  
  24  15:16  SCV, Supply Depot  
  25  15:24  SCV  
  25  15:26  Marine  
  25  15:28  SCV  
  24  15:36  SCV  
  24  15:40  Orbital Command  
  25  15:43  Marine  
  17  16:01  Engineering Bay  
  16  16:08  SCV  
  15  16:21  SCV  
  16  16:31  Supply Depot  
  16  16:33  SCV  
  17  16:45  SCV  
Tags
 
Add a new tag
Caveats
  • Supply blocks, unpowered buildings, or Contaminate may cause inaccurate times.
  • Supply counts are checked every 10 seconds.